 Dungeon Crawl Stone Soup version 0.31-a0-232-gb1c03b2570 (webtiles) character file.

Game seed: 12469049790409172088

125 Ijustatesigmund the Stinger (level 5, -1/34 HPs)
             Began as an Octopode Venom Mage on July 7, 2023.
             Slain by a goblin
             ... wielding a +2 dagger of freezing
              (2 damage)
             ... on level 4 of the Dungeon.
             The game lasted 00:03:58 (2983 turns).

Ijustatesigmund the Stinger (Octopode Venom Mage)   Turns: 2983, Time: 00:03:59

Health: -1/34      AC:  1    Str:  7    XL:     5   Next: 9%
Magic:  9/9        EV: 13    Int: 20    God:
Gold:   128        SH:  5    Dex: 12    Spells: 3/9 levels left

rFire   . . .        d - +0 quarterstaff
rCold   . . .        (shield currently unavailable)
rNeg    . . .        (helmet restricted)
rPois   .            e - amulet of reflection
rElec   .            g - ring of willpower
rCorr   .            (no ring)
SInv    .            (no ring)
Will    +....        (no ring)
Stlth   +++          (no ring)
HPRegen 0.25/turn    (no ring)
MPRegen 0.11/turn    (no ring)
                     (no ring)

%: reflection
@: no status effects
A: almost no armour, amphibious, 8 rings, camouflage 1, gelatinous body 1,
(nimble swimmer 1), tentacles
a: no special abilities


You were on level 4 of the Dungeon.
You visited 1 branch of the dungeon, and saw 4 of its levels.

You collected 128 gold pieces.

Inventory:

Hand Weapons
 d - a +0 quarterstaff (weapon)
Jewellery
 e - an amulet of reflection (around mantle)
 g - a ring of willpower (left tentacle)
Scrolls
 b - a scroll of teleportation {unknown}
 f - a scroll of acquirement {unknown}
Potions
 a - a potion of magic
 c - 2 potions of attraction
 j - a potion of curing
 l - a potion of cancellation {unknown}
 o - a potion of brilliance {unknown}


   Skills:
 + Level 2.0 Fighting
 - Level 2.0 Dodging
 - Level 2.6 Stealth
 + Level 2.8 Spellcasting
 + Level 1.3 Conjurations
 - Level 1.0 Transmutations
 + Level 1.6 Air Magic
 + Level 4.4 Poison Magic


You had 3 spell levels left.
You knew the following spells:

 Your Spells              Type           Power      Damage    Failure   Level
a - Sting                 Tmut/Pois      52%        1d5       4%          1
b - Poisonous Vapours     Pois/Air       30%        N/A       6%          2
c - Mephitic Cloud        Conj/Pois/Air  12%        N/A       16%         3

Your spell library contained the following spells:

 Spells                   Type           Power      Damage    Failure   Level
 Freeze                   Ice            8%         1d3       14%         1
 Scorch                   Fire           4%         2d5       22%         2
 Hailstorm                Conj/Ice       5%         3d4       32%         3
 Frozen Ramparts          Ice            4%         1d1       41%         3
 Olgreb's Toxic Radiance  Pois           20%        N/A       22%         4
 Flame Wave               Conj/Fire      5%         2d5       73%         4
 Petrify                  Tmut/Erth      4%         N/A       75%         4
 Metabolic Englaciation   Hex/Ice        1%         N/A       99%         5
 Statue Form              Tmut/Erth      2%         N/A       100%        6
 Summon Cactus Giant      Summ           1%         N/A       100%        6


Dungeon Overview and Level Annotations

Branches:
Dungeon (4/15)
 Temple: D:4-7

Altars:
Cheibriados


Innate Abilities, Weirdness & Mutations

You cannot wear most types of armour.
You are amphibious.
You can wear up to eight rings at the same time.
Your skin changes colour to match your surroundings (Stealth+).
Your rubbery body absorbs attacks. (AC +1, EV +1)
((You are camouflaged when in or above water. (Stealth+)))
You have tentacles for arms and can constrict up to eight enemies at once.


Message History

You feel invigorated.
You constrict the orc priest.
The goblin hits you with a +2 dagger of freezing.
* * * LOW HITPOINT WARNING * * *
The goblin freezes you.
* * * LOW HITPOINT WARNING * * *
The orc priest escapes!
You're too confused to move!
The goblin completely misses you.
The orc priest hits you with a +0 short sword.
* * * LOW HITPOINT WARNING * * *
You sock the orc priest!
The orc priest is severely wounded.
The goblin hits you with a +2 dagger of freezing.
The goblin freezes you.
* * * LOW HITPOINT WARNING * * *
The orc priest misses you. The orc barely misses you.
You sock the orc!
You kill the orc!
The goblin hits you with a +2 dagger of freezing.
The goblin freezes you.
* * * LOW HITPOINT WARNING * * *
The orc priest hits you with a +0 short sword.
* * * LOW HITPOINT WARNING * * *
The goblin hits you with a +2 dagger of freezing.
* * * LOW HITPOINT WARNING * * *
The goblin freezes you.
* * * LOW HITPOINT WARNING * * *
You barely miss the orc priest.
The orc priest is severely wounded.
You feel less invigorated.
You feel less confused.
The orc priest mumbles some strange prayers to Beogh against you.
Beogh smites you!
* * * LOW HITPOINT WARNING * * *
The goblin closely misses you.
You closely miss the orc priest. Your grab misses the orc priest.
Your squeeze misses the orc priest.
The orc priest is almost dead.
The orc priest hits you but does no damage.
The goblin hits you with a +2 dagger of freezing.
You die...

#.....#######.......#
. ##..#. #.#######..
#..#. #.......... ..
###......# +?#......+
###......# #...######
#)g#.o..#
######@o#....go..
.........#........
.#....##.###..##..
#.$.. #+# ..# . #...
... #... ... #.. ....
#..


You could see an orc priest (poisoned) and a goblin.

Vanquished Creatures
  An orc wizard (D:3)
  A mummy (D:3)
  A worm (D:2)
  3 dart slugs
  9 orcs
  5 ball pythons
  4 bats
  4 endoplasms
  3 giant cockroaches
  6 goblins
  6 hobgoblins
  4 quokkas
  2 frilled lizards (D:1)
  9 kobolds
  7 rats
65 creatures vanquished.

Notes
Turn   | Place    | Note
-------+----------+-------------------------------------------
     0 | D:1      | Ijustatesigmund the Octopode Venom Mage began the quest for
                  | the Orb.
     0 | D:1      | Reached XP level 1. HP: 11/11 MP: 3/3
   159 | D:1      | Reached XP level 2. HP: 3/18 MP: 0/5
   225 | D:1      | Learned a level 2 spell: Poisonous Vapours
   508 | D:1      | Reached skill level 1 in Fighting
   756 | D:1      | Reached skill level 4 in Poison Magic
  1079 | D:1      | Reached XP level 3. HP: 19/23 MP: 3/6
  1083 | D:1      | Learned a level 3 spell: Mephitic Cloud
  1482 | D:2      | Reached skill level 1 in Air Magic
  1725 | D:2      | Reached XP level 4. HP: 28/28 MP: 4/7
  2385 | D:3      | Reached skill level 1 in Conjurations
  2872 | D:3      | Found a snail-covered altar of Cheibriados.
  2879 | D:3      | Reached XP level 5. HP: 34/34 MP: 9/9
  2982 | D:4      | HP: 1/34 [orc priest/divine providence (10)]
  2983 | D:4      | Slain by a goblin

Illustrated notes

Levels and vault maps discovered:
D:1:      minmay_arrival_four_circles, layout_basic,
          amcnicky_mini_rare_corridor_liquid
D:2:      layout_basic, minmay_between
D:3:      layout_loops_ring, slow_altar_2
D:4:      layout_gridville, minmay_temple_entry_offerings, grunt_tough_drop,
          uniq_edmund

Skill      XL: |  1  2  3  4  5 |
---------------+----------------+-----
Fighting       | 1 2 |  2.0
Poison Magic   | 4 |  4.4
Air Magic      | 1 |  1.6
Conjurations   | 1 |  1.3
Dodging        | |  2.0
Stealth        | |  2.6
Spellcasting   | |  2.8
Transmutations | |  1.0

Action                     |  1- 3 |  4- 6 || total
---------------------------+-------+-------++-------
  Melee: Unarmed           |    10 |       ||    10
         Tentacles         |    12 |     4 ||    16
         Constrict         |    19 |     8 ||    27
         Quarterstaff      |    59 |    36 ||    95
   Cast: Sting             |     4 |       ||     4
         Poisonous Vapours |    24 |    15 ||    39
    Use: Scroll            |       |     7 ||     7
         Potion            |       |     3 ||     3
   Stab: Sleeping          |     5 |     3 ||     8
 Armour: Skin              |     2 |     1 ||     3
  Dodge: Dodged            |    53 |    17 ||    70
  Block: Other             |       |     2 ||     2
         Reflection        |       |     1 ||     1

Table legend: (Time is in decaauts)
 A = Elapsed time spent in this place.
 B = Non-inter-level travel time spent in this place.
 C = Inter-level travel time spent in this place.
 D = Time resting spent in this place.
 E = Time spent auto-exploring this place.
 F = Levels seen in this place.
 G = Mean time per level.
                   A        B        C        D        E       F      G
               +--------+--------+--------+--------+--------+-----+--------+
         Total |   3009 |   2903 |    106 |    192 |   2282 |   4 |  752.2 |
       Dungeon |   3009 |   2903 |    106 |    192 |   2282 |   4 |  752.2 |
               +--------+--------+--------+--------+--------+-----+--------+

Top non-repeatable levels by time:
     D:1: 1196 daAuts
     D:2: 886 daAuts
     D:3: 879 daAuts
     D:4: 46 daAuts
